 Dungeon Crawl Stone Soup version 0.20.0-8-g6b59dc7 (webtiles) character file.

3341 MDvedh the Grappler (level 9, -16/84 HPs)
             Began as a Troll Hunter on May 30, 2017.
             Was a Priest of Cheibriados.
             Demolished by a two-headed ogre
             ... wielding a +0 giant club
              (22 damage)
             ... on level 8 of the Dungeon.
             The game lasted 00:09:30 (4987 turns).

MDvedh the Grappler (Troll Hunter)                  Turns: 4987, Time: 00:09:31

Health: -16/84     AC: 10    Str: 31    XL:     9   Next: 72%
Magic:  10/10      EV: 12    Int: 13    God:    Cheibriados [***...]
Gold:   392        SH:  0    Dex: 16    Spells: 8/8 levels left

rFire    + . .     SeeInvis .     - Unarmed
rCold    . . .     Gourm    +   (no shield)
rNeg     . . .     Faith    .   b - +1 robe
rPois    .         Spirit   .   (helmet restricted)
rElec    .         Reflect  .   (no cloak)
rCorr    .         Harm     .   (gloves unavailable)
MR       ++...                  (boots unavailable)
Stlth    ++........             (no amulet)
Regen    0.7/turn               s - +5 ring of protection
MPRegen  0.2/turn               v - ring of protection from fire

@: very slow
A: unfitting armour, claws 3, deformed body, fast metabolism 3, gourmand, magic
resistance 2, regeneration 1, shaggy fur 1, tough skin 2
a: Bend Time, Temporal Distortion, Renounce Religion


You were on level 8 of the Dungeon.
You worshipped Cheibriados.
Cheibriados was most pleased with you.
You were not hungry.

You visited 2 branches of the dungeon, and saw 9 of its levels.

You collected 392 gold pieces.

Inventory:

Missiles
 c - 10 large rocks (quivered)
 d - 3 throwing nets
Armour
 b - a +1 robe (worn)
Jewellery
 g - an uncursed ring of ice
 s - a +5 ring of protection (left claw)
 v - a ring of protection from fire (right claw)
 w - an uncursed ring of ice
Scrolls
 h - a scroll of immolation {unknown}
 m - 3 scrolls of enchant armour
 p - 3 scrolls of remove curse
 q - 2 scrolls of enchant weapon
Potions
 a - a potion of ambrosia {unknown}
 j - 3 potions of cancellation
 k - 2 potions of haste
 l - 2 potions of degeneration {unknown}
 n - 4 potions of curing
 o - a potion of might
 t - a potion of flight {unknown}
 x - 3 potions of brilliance
 B - a potion of resistance {unknown}
Books
 e - a book of Changes

   Spells                             Type                      Level
   a - Beastly Appendage              Transmutation                1
   b - Sticks to Snakes               Transmutation                2
   c - Spider Form                    Transmutation/Poison         3
   d - Ice Form                       Ice/Transmutation            4
   e - Blade Hands                    Transmutation                5
Comestibles
 f - 9 bread rations
 i - 2 meat rations
 z - a royal jelly
 A - 3 fruits


   Skills:
 + Level 3.7 Fighting
 - Level 3.6 Throwing
 + Level 3.6 Dodging
 - Level 0.3 Stealth
 * Level 11.5 Unarmed Combat
 + Level 3.6 Invocations


You had 8 spell levels left.
You didn't know any spells.

Dungeon Overview and Level Annotations

Branches:
Dungeon (8/15)             Temple (1/1) D:5
   Lair: D:8-11

Altars:
Ashenzari
Cheibriados
Dithmenos
Elyvilon
Fedhas
Gozag
Hepliaklqana
Kikubaaqudgha
Makhleb
Nemelex Xobeh
Okawaru
Qazlal
Ru
Sif Muna
Trog
Uskayaw
Vehumet
Xom
Yredelemnul
Zin
The Shining One


Innate Abilities, Weirdness & Mutations

You are too large for most types of armour.
You have claws for hands.
Your metabolism is lightning-fast.
You like to eat raw meat.
Your natural rate of healing is unusually fast.
You are covered in fur. (AC +1)
You have very tough skin. (AC +2)
Armour fits poorly on your strangely shaped body.
You are highly resistant to hostile enchantments. (MR++)


Message History

The two-headed ogre hits you with a giant club!
Things that are here:
a club; 22 gold pieces You scratch the two-headed ogre.
The two-headed ogre is lightly wounded.
You claw the two-headed ogre! You claw the two-headed ogre.
The two-headed ogre is moderately wounded.
The two-headed ogre hits you with a giant club!!
* * * LOW HITPOINT WARNING * * *
The two-headed ogre hits you with a giant club!
* * * LOW HITPOINT WARNING * * *
You are too injured to fight recklessly!
You are too injured to fight recklessly!
Okay, then.
You mangle the two-headed ogre!! Your claw misses the two-headed ogre.
The two-headed ogre is severely wounded.
You claw the two-headed ogre!
The two-headed ogre is severely wounded.
The two-headed ogre hits you with a giant club!!
You die...

# #...... # ....... #
.#[#.#. # ....... #
.#.#.#. # ## ##....... #
########.##O.#.#.#. #
#.......#.#@.......
######.##............###
....##.##.###.####..##
###.##.##.# #.# ..... #
#.##.##.# #.# .### #
#.##.##.# #.# ..
###.##.##.# #(# ..
....).....# #.# .##
###)†.....# #.###.#


You could see a two-headed ogre.

Vanquished Creatures
  The ghost of Amnesiac the Cutter, a novice DEEn (D:6)
  Duvessa (D:7)
  An orc warrior (D:5)
  4 ice beasts
  A black bear (D:7)
  A necrophage (D:6)
  2 phantoms
  An ogre (D:6)
  A centaur (D:7)
  A big kobold (D:7)
  3 bullfrogs
  A gnoll sergeant (D:7)
  Dowan (D:7)
  A water moccasin zombie (D:7)
  4 scorpions
  4 wights (D:8)
  3 crimson imps
  2 howler monkeys (D:4)
  4 jellies
  4 orc priests
  3 hounds
  10 orc wizards
  2 centaur skeletons
  An iguana (D:7)
  4 worker ants
  7 gnolls
  5 adders
  3 shadow imps
  An adder zombie (D:5)
  A leopard gecko (D:6)
  27 orcs
  A ball python (D:3)
  5 bats
  5 giant cockroaches
  9 goblins
  7 hobgoblins
  14 jackals
  8 kobolds
  4 quokkas
  5 frilled lizards
  A giant cockroach zombie (D:6)
  A quokka zombie (D:6)
  11 rats
176 creatures vanquished.

Vanquished Creatures (others)
  A human (D:6)
1 creature vanquished.

Grand Total: 177 creatures vanquished

Notes
Turn   | Place    | Note
-------+----------+-------------------------------------------
     0 | D:1      | MDvedh the Troll Hunter began the quest for the Orb.
     0 | D:1      | Reached XP level 1. HP: 19/19 MP: 0/0
    33 | D:1      | Reached skill level 1 in Unarmed Combat
   178 | D:1      | Reached XP level 2. HP: 27/27 MP: 1/1
   213 | D:1      | Reached skill level 2 in Unarmed Combat
   661 | D:2      | Reached XP level 3. HP: 27/33 MP: 2/2
   706 | D:2      | Found a bloodstained altar of Trog.
   711 | D:2      | Reached skill level 3 in Unarmed Combat
  1067 | D:3      | HP: 1/33 [orc/flail (3)]
  1068 | D:3      | Reached skill level 4 in Unarmed Combat
  1068 | D:3      | Reached XP level 4. HP: 2/41 MP: 3/3
  1296 | D:3      | Reached XP level 5. HP: 48/48 MP: 4/4
  1473 | D:3      | Found a basalt altar of Yredelemnul.
  1793 | D:4      | Reached skill level 5 in Unarmed Combat
  1839 | D:4      | Reached skill level 6 in Unarmed Combat
  1839 | D:4      | Reached XP level 6. HP: 38/55 MP: 5/5
  1907 | D:4      | Found a shadowy altar of Dithmenos.
  1991 | D:4      | Found a hazy altar of Hepliaklqana.
  1991 | D:4      | Found a white marble altar of Elyvilon.
  2151 | D:4      | Noticed an ice beast
  2162 | D:4      | Killed an ice beast
  2393 | D:4      | Reached skill level 7 in Unarmed Combat
  2400 | D:5      | Entered Level 5 of the Dungeon
  2421 | D:5      | Reached XP level 7. HP: 29/62 MP: 6/6
  2653 | D:5      | Found a staircase to the Ecumenical Temple.
  2663 | Temple   | Entered the Ecumenical Temple
  2807 | Temple   | Became a worshipper of Cheibriados the Contemplative
  2832 | D:5      | Reached skill level 8 in Unarmed Combat
  3013 | D:5      | Reached skill level 9 in Unarmed Combat
  3042 | D:5      | Reached XP level 8. HP: 68/70 MP: 7/7
  3509 | D:6      | Found a shimmering altar of Xom.
  3524 | D:6      | Reached * piety under Cheibriados
  3605 | D:6      | Reached skill level 10 in Unarmed Combat
  3652 | D:6      | Noticed Amnesiac's ghost (novice DEEn)
  3660 | D:6      | Killed Amnesiac's ghost
  3660 | D:6      | Reached skill level 1 in Invocations
  3667 | D:6      | Found a glowing silver altar of Zin.
  3680 | D:6      | Found a sacrificial altar of Ru.
  3681 | D:6      | Found a shimmering altar of Xom.
  3900 | D:6      | Reached ** piety under Cheibriados
  3901 | D:6      | Reached XP level 9. HP: 80/80 MP: 9/9
  3948 | D:6      | Found an ancient bone altar of Kikubaaqudgha.
  3966 | D:6      | Gained mutation: You have a pair of small antennae on your head. [potion of mutation]
  3966 | D:6      | Gained mutation: Scrolls take you a little longer to read. [potion of mutation]
  3966 | D:6      | Gained mutation: You have a somewhat thin skeletal structure. (Dex +2, Stealth) [potion of mutation]
  3967 | D:6      | Lost mutation: Scrolls take you a little longer to read. [potion of mutation]
  3967 | D:6      | Lost mutation: You have a pair of small antennae on your head. [potion of mutation]
  3967 | D:6      | Lost mutation: You have a somewhat thin skeletal structure. (Dex +2, Stealth) [potion of mutation]
  3967 | D:6      | Gained mutation: Armour fits poorly on your strangely shaped body. [potion of mutation]
  3967 | D:6      | Gained mutation: You are resistant to hostile enchantments. (MR+) [potion of mutation]
  3967 | D:6      | Gained mutation: You are highly resistant to hostile enchantments. (MR++) [potion of mutation]
  4008 | D:7      | Noticed Duvessa
  4008 | D:7      | Noticed Dowan
  4017 | D:7      | Killed Duvessa
  4018 | D:7      | Killed Dowan
  4068 | D:7      | Found a stormy altar of Qazlal.
  4164 | D:7      | Reached skill level 11 in Unarmed Combat
  4444 | D:7      | Found a flagged portal.
  4949 | D:8      | Reached *** piety under Cheibriados
  4979 | D:8      | Noticed a two-headed ogre
  4985 | D:8      | HP: 4/84 [two-headed ogre/giant club (16)]
  4987 | D:8      | Demolished by a two-headed ogre

Skill      XL: |  1  2  3  4  5  6  7  8  9 |
---------------+----------------------------+-----
Unarmed Combat | 1 2 4 6 7 9 10 11 | 11.5
Fighting       | 2 3 |  3.7
Dodging        | 2 3 |  3.6
Invocations    | 2 3 |  3.6
Throwing       | |  3.6
Stealth        | |  0.3

Action                   |  1- 3 |  4- 6 |  7- 9 || total
-------------------------+-------+-------+-------++-------
Melee: Unarmed           |   154 |   134 |   226 ||   514
       Punch             |     1 |     2 |    14 ||    17
Throw: Large rock        |       |       |     1 ||     1
  Use: Scroll            |       |    13 |     3 ||    16
       Potion            |       |       |     2 ||     2
 Stab: Sleeping          |       |     1 |     2 ||     3
  Eat: Chunk             |    12 |    13 |    12 ||    37
       Meat ration       |       |       |     1 ||     1
Armor: Robe              |    77 |    91 |    88 ||   256
Dodge: Dodged            |    97 |   101 |    92 ||   290
